 Dungeon Crawl Stone Soup version 0.25-a0-246-g58704a1ebd (webtiles) character file.

Game seed: 1087173272673854994, levelgen mode: classic

177 Borgoz the Cutter (level 5, -4/32 HPs)
             Began as a Kobold Gladiator on Dec 4, 2019.
             Slain by a gnoll
             ... wielding a +2 whip of electrocution
              (11 damage)
             ... on level 3 of the Dungeon.
             The game lasted 00:03:48 (2289 turns).

Borgoz the Cutter (Kobold Gladiator)                Turns: 2289, Time: 00:03:49

Health: -4/32      AC:  7    Str: 13    XL:     5   Next: 87%
Magic:  5/5        EV: 17    Int:  9    God:
Gold:   89         SH:  0    Dex: 16    Spells: 4/4 levels left

rFire    + . .     SeeInvis .   a - +0 rapier
rCold    + . .     Gourm    .   (shield restricted)
rNeg     + . .     Faith    .   b - +0 leather armour
rPois    .         Spirit   .   c - +1 helmet
rElec    .         Reflect  .   g - scarf {rC+ rF+}
rCorr    .         Harm     .   l - +0 pair of gloves
MR       .....                  j - +0 pair of boots
Stlth    ++........             (no amulet)
HPRegen  0.10/turn              h - ring of positive energy
MPRegen  0.09/turn              (no ring)

@: no status effects
A: small, carnivore
a: no special abilities


You were on level 3 of the Dungeon.
You were completely stuffed.

You visited 1 branch of the dungeon, and saw 3 of its levels.

You collected 89 gold pieces.

Inventory:

Hand Weapons
 a - a +0 rapier (weapon)
Missiles
 d - 3 throwing nets (quivered)
Armour
 b - a +0 leather armour (worn)
 c - a +1 helmet (worn)
 g - a scarf of resistance (worn)
 i - a scarf of repulsion
 j - a +0 pair of boots (worn)
 l - a +0 pair of gloves (worn)
Jewellery
 h - a ring of positive energy (left hand)
 p - an uncursed amulet of magic regeneration
Scrolls
 n - a scroll of random uselessness {unknown}
 o - a scroll of enchant armour
 q - a scroll of fog {unknown}
Potions
 e - a potion of brilliance
 k - a potion of might {unknown}
Comestibles
 f - 3 rations
 m - 2 chunks of flesh


   Skills:
 + Level 3.3 Fighting
 + Level 5.1 Short Blades
 - Level 2.1 Throwing
 + Level 1.6 Armour
 + Level 4.5 Dodging
 + Level 3.0 Stealth


You had 4 spell levels left.
You didn't know any spells.
Your spell library was empty.

Dungeon Overview and Level Annotations

Branches:
Dungeon (3/15)

Altars:
Sif Muna
Wu Jian


Innate Abilities, Weirdness & Mutations

You are small and have problems with some larger weapons.
You are carnivorous and can eat meat at any time.


Message History

You are too injured to fight recklessly!
You are too injured to fight recklessly!
You are too injured to fight recklessly!
You are too injured to fight recklessly!
You are too injured to fight recklessly!
You puncture the gnoll!
The gnoll is severely wounded.
The rat closely misses you. The gnoll completely misses you. x2
You closely miss the gnoll.
The gnoll is severely wounded.
The rat misses you.
The gnoll hits you with a +2 whip of electrocution!
* * * LOW HITPOINT WARNING * * *
The gnoll misses you.
You closely miss the gnoll.
The gnoll is severely wounded.
The rat bites you.
* * * LOW HITPOINT WARNING * * *
The gnoll hits you with a +2 whip of electrocution!
You die...

#≈## ≈≈≈# ≈≈≈♣
#####♣≈≈≈♣#
##....P≈≈≈≈♣ #
###.....≈≈≈≈P♣..
#...♣...Pr≈≈≈≈#
#≈≈...@g≈≈g≈#
♣♣≈≈..g≈P≈≈≈♣
♣≈≈≈...≈≈≈≈≈≈≈
♣≈≈...≈≈≈≈≈≈≈♣
♣≈≈≈.(.≈P≈P≈♣♣
♣P≈≈...≈≈≈≈≈≈♣
♣≈≈≈..≈.≈≈≈≈≈≈
♣P≈P....≈PP≈≈♣
♣♣≈P≈..≈≈≈♣♣♣#


You could see 3 gnolls and a rat.

Vanquished Creatures
  A howler monkey (D:2)
  A gnoll (D:3)
  6 adders
  2 worms (D:2)
  4 dart slugs
  3 leopard geckos
  5 giant cockroaches
  3 goblins
  11 hobgoblins
  A ball python (D:1)
  3 bats
  4 frilled lizards
  13 kobolds
  7 rats
64 creatures vanquished.

Vanquished Creatures (others)
  A plant (D:3)
1 creature vanquished.

Grand Total: 65 creatures vanquished

Notes
Turn   | Place    | Note
-------+----------+-------------------------------------------
     0 | D:1      | Borgoz the Kobold Gladiator began the quest for the Orb.
     0 | D:1      | Reached XP level 1. HP: 12/12 MP: 1/1
     0 | D:1      | Noticed an ogre
     3 | D:1      | Noticed a troll
     5 | D:1      | Noticed an octopode
     7 | D:1      | Noticed a minotaur skeleton
    10 | D:1      | Noticed a felid
    12 | D:1      | Noticed a spriggan
   342 | D:1      | Reached XP level 2. HP: 13/18 MP: 2/2
   354 | D:1      | Reached skill level 1 in Stealth
   635 | D:1      | Reached XP level 3. HP: 22/22 MP: 3/3
  1281 | D:2      | Reached skill level 1 in Armour
  1281 | D:2      | Reached XP level 4. HP: 27/27 MP: 4/4
  1389 | D:2      | Found an ornate altar of the Wu Jian Council.
  1418 | D:2      | Reached XP level 5. HP: 14/32 MP: 5/5
  1670 | D:2      | Found a shimmering blue altar of Sif Muna.
  1944 | D:2      | Reached skill level 5 in Short Blades
  2289 | D:3      | Slain by a gnoll

Levels and vault maps discovered:
D:1:      shiori_arrival_whats_in_store_for_you, layout_basic
D:2:      layout_basic, led_sif_pool, old_standard_altar, kennysheep_crisscross
D:3:      layout_loops_ring, gammafunk_temple_overflow_statue, elyvilon_altar_1,
          old_standard_altar, okawaru_ov_weapons_minmay, fedhas_altar_2,
          lemuel_doored_altar, serial_bayou, serial_bayou_lagoon_a,
          serial_bayou_pond_e, serial_bayou_pond_e, serial_bayou_shore_b,
          serial_bayou_ford_a, serial_bayou_shore_b, corexii_leaking_fountain

Skill      XL: |  1  2  3  4  5 |
---------------+----------------+-----
Stealth        | 1 2 3 |  3.0
Dodging        | 4 |  4.5
Armour         | 1 |  1.6
Fighting       | 3 |  3.3
Short Blades   | 5 |  5.1
Throwing       | |  2.1

Action                   |  1- 3 |  4- 6 || total
-------------------------+-------+-------++-------
Melee: Rapier            |    88 |   133 ||   221
Throw: Throwing net      |     2 |       ||     2
  Use: Scroll            |     5 |       ||     5
 Stab: Sleeping          |     2 |     4 ||     6
  Eat: Chunk             |     9 |     4 ||    13
Armor: Leather armour    |    13 |    33 ||    46
Dodge: Dodged            |    61 |   118 ||   179

Table legend:
 A = Non-vault XP
 B = Vault XP
 C = Vault XP percentage of total XP
 D = Non-vault monster count
 E = Vault monster count
 F = Vault count percentage of total count
                 A         B        C        D         E       F
            +---------+---------+-------+---------+---------+-------
      Total |     253 |       0 |   0.0 |      64 |       0 |   0.0
            +---------+---------+-------+---------+---------+-------
        D:1 |      53 |       0 |   0.0 |      29 |       0 |   0.0
        D:2 |     171 |       0 |   0.0 |      31 |       0 |   0.0
        D:3 |      29 |       0 |   0.0 |       4 |       0 |   0.0
            +---------+---------+-------+---------+---------+-------
